Cogmind - Beta 15 @@@ ROGUE MODE // 2025.06.01 @ 17:17:25 Player: DZKane Result: Self-destructed Performance ------------- Evolutions (3) 1500 Regions Visited (6) 1200 Robots Destroyed (104) 520 Value Destroyed (2632) 2632 Prototype IDs (5) 100 Alien Tech Used (0) 0 Bonus (0) 0 TOTAL SCORE: 5952 Bonus ------- None Cogmind --------- Core Integrity 403/700 Matter 278/300 Energy 100/100 System Corruption 0% Temperature Warm (107) Movement Walking (260) Ox2 Location -7/Lower Caves Parts ------- > --- POWER (1) -------- (None) > --- PROPULSION (4) --- Improved Carbon-fiber Leg > --- UTILITY (6) ------ High-capacity Storage Unit Structural Scanner Improved Salvage Targeting Computer Transmission Jammer > --- WEAPON (2) ------- (None) > --- INVENTORY (20) --- Improved Deuterium Engine Neutrino Core Huge Storage Unit High-capacity Matter Pod (200) Improved Sensor Array Improved Terrain Scan Processor Improved Melee Analysis Suite Improved Melee Analysis Suite Core Analyzer Transmission Jammer Transmission Jammer Hardlight Generator Hacking Suite System Shield High-powered Tractor Beam Battle Rifle Improved Datajack Makeshift Hammer Makeshift Axe Peak State ------------ > --- POWER ------------ Heavy Ion Engine > --- PROPULSION ------- Light Treads Advanced Treads Advanced Treads Advanced Treads > --- UTILITY ---------- Improved Cooling System Huge Storage Unit Structural Scanner Transmission Jammer Reactive Plating Reflective Plating > --- WEAPON ----------- Advanced Beam Cannon Ion Cannon > --- INVENTORY -------- Heavy Ion Engine Light Treads Light Treads Light Treads High-capacity Matter Pod Improved Sensor Array Improved Sensor Array Improved Terrain Scan Processor Improved Melee Analysis Suite Improved Melee Analysis Suite Improved Melee Analysis Suite Improved Melee Analysis Suite Kinecellerator Kinecellerator Kinecellerator Transmission Jammer Transmission Jammer Transmission Jammer Hardened Medium Armor Plating Hardlight Generator Hacking Suite System Shield High-powered Tractor Beam Shock Bomb Launcher Improved Datajack [Rating: 42] Favorites ----------- Power Heavy Ion Engine Engine Heavy Ion Engine Propulsion Advanced Treads Treads Advanced Treads Leg Aluminum Leg Utility Transmission Jammer Device Transmission Jammer Storage Huge Storage Unit Processor Improved Salvage Targeting Computer Protection Reflective Plating Weapon Particle Cannon Energy Gun Improved EM Shotgun Energy Cannon Particle Cannon Ballistic Gun Battle Rifle Launcher Shock Bomb Launcher Impact Weapon Power Maul Slashing Weapon Axe Build | -11 -10 -9 -8 -7 -7 -7 ------- Run | Yrd Mat Mat Mat Fac Low Low Slots Evolved 6 | . . 2 2 2 . . Power . | . . . . . . . Propulsion 2 | . . 2 . . . . Utility 4 | . . . 2 2 . . Weapon . | . . . . . . . Parts Attached 53 | . 10 10 11 6 12 4 Power 5 | . 1 2 1 . 1 . Engine 5 | . 1 2 1 . 1 . Core . | . . . . . . . Reactor . | . . . . . . . Propulsion 18 | . 3 6 1 2 4 2 Treads 9 | . . 4 1 2 2 . Leg 9 | . 3 2 . . 2 2 Wheel . | . . . . . . . Hover . | . . . . . . . Flight . | . . . . . . . Utility 18 | . 3 1 5 3 4 2 Device 7 | . 1 . 2 2 1 1 Storage 5 | . 2 1 1 . . 1 Processor 2 | . . . . . 2 . Hackware . | . . . . . . . Protection 4 | . . . 2 1 1 . Artifact . | . . . . . . . Weapon 12 | . 3 1 4 1 3 . Energy Gun 1 | . 1 . . . . . Energy Cannon 6 | . 2 1 3 . . . Ballistic Gun 2 | . . . . . 2 . Ballistic Cannon . | . . . . . . . Launcher 1 | . . . 1 . . . Special Weapon . | . . . . . . . Impact Weapon 1 | . . . . 1 . . Slashing Weapon 1 | . . . . . 1 . Piercing Weapon . | . . . . . . . Special Melee Weapon . | . . . . . . . Unidentified Prototypes 1 | . 1 . . . . . Parts Lost 21 | . . . 2 5 6 8 Power 2 | . . . . . 1 1 Propulsion 9 | . . . 1 3 2 3 Utility 6 | . . . . 2 2 2 Weapon 4 | . . . 1 . 1 2 Highest Loss Streak 7 | . . . 1 2 3 7 To Critical Strikes . | . . . . . . . Average Backups 18 | . 8 14 17 24 23 20 Power 1 | . 2 2 1 1 . 1 Propulsion 1 | . 2 . 1 2 1 . Utility 12 | . . 9 12 18 17 13 Weapon 2 | . 2 2 1 1 2 3 Tool/Special . | . . . . . . . Unused Backups 52 | . 16 4 9 . 1 22 Power 8 | . 4 2 . . . 2 Propulsion 11 | . 8 1 1 . 1 . Utility 22 | . 1 1 4 . . 16 Weapon 9 | . 3 . 3 . . 3 Tool/Special 2 | . . . 1 . . 1 Average Slot Usage (%) 98 | . 97 99 99 97 97 95 Engine 9 | . 14 11 9 7 6 7 Treads 23 | . . 29 36 29 22 3 Leg 9 | . 28 14 . . 6 22 Device 16 | . 11 11 13 22 23 23 Storage 9 | . 14 11 9 7 7 7 Processor 1 | . . . . . 5 7 Protection 7 | . . . 13 12 6 6 Energy Cannon 14 | . 27 22 17 11 3 . Ballistic Gun 2 | . . . . . 6 14 Peak Build Rating 42 | . 11 25 36 42 42 42 Average Rating 30 | . 10 20 33 39 39 40 On Entrance 22 | 6 6 11 25 36 34 41 Naked Turns . | . . . . . . . Heaviest Build 120 | 13 36 97 105 120 110 103 Greatest Support 88 | 20 20 88 88 86 80 68 Greatest Overweight (x) 2 | . 1 1 1 1 2 1 Average Overweight (x) . | . . . . 1 1 . Largest Inventory Capacity 25 | . 15 25 25 25 25 25 Average Capacity 19 | . 8 15 19 25 25 20 Most Carried 25 | . 12 15 25 25 25 25 Average Carried 18 | . 8 14 17 24 23 19 Final Capacity 25 | 8 15 15 25 25 25 20 Final Carried 25 | 6 12 15 25 25 25 19 Class Distribution -------------------- 52% | Mutant 38% | Infiltrator-Mutant 8% | Scavenger-Mutant Dominant Class ---------------- Mutant | -10/Materials Mutant | -9/Materials Mutant | -8/Materials Infiltrator-Mutant | -7/Factory Infiltrator-Mutant | -7/Lower Caves Infiltrator-Mutant | -7/Lower Caves Resources | -11 -10 -9 -8 -7 -7 -7 ----------- Run | Yrd Mat Mat Mat Fac Low Low Matter Collected 1139 | 200 80 352 130 85 205 87 Remotely . | . . . . . . . Salvage Created 4350 | . 745 1226 1049 341 903 86 Parts 224 | . 39 71 53 20 35 6 Haulers Intercepted 10 | . 2 4 3 1 . . Recyclers Shooed 2 | . . 2 . . . . Parts Field Recycled . | . . . . . . . Retrieved Matter . | . . . . . . . Parts Self-Destructed 27 | . . . . . 21 6 Prevented 6 | . . . . . 6 . Kills | -11 -10 -9 -8 -7 -7 -7 ------- Run | Yrd Mat Mat Mat Fac Low Low Combat Hostiles Destroyed 78 | . 13 24 19 8 11 3 Guns 3 | . . . . . . 3 Cannons 59 | . 12 24 15 5 3 . AOE 12 | . . . 3 3 6 . Classes Destroyed 11 | . 5 2 3 . 1 . Worker 2 | . . . 2 . . . Builder 2 | . . . 2 . . . Hauler 10 | . 2 4 3 1 . . Recycler 5 | . 2 3 . . . . Operator 2 | . . 2 . . . . Watcher 5 | . 1 3 1 . . . Swarmer 36 | . 3 15 6 2 7 3 Grunt 28 | . 10 3 6 6 3 . Duelist 1 | . . . . . 1 . Sentry 12 | . . 6 6 . . . Hunter 1 | . . . 1 . . . Best Kill Streak 7 | . 6 7 6 6 7 3 Combat Bots Only 7 | . 5 5 3 6 7 3 Max Kills in Single Turn 3 | . 1 2 2 3 2 1 Gunslinging . | . . . . . . . Exploded 3 | . . . 2 3 2 . Melee . | . . . . . . . Uniques/NPCs Destroyed . | . . . . . . . Combat | -11 -10 -9 -8 -7 -7 -7 -------- Run | Yrd Mat Mat Mat Fac Low Low Hostile Shots Fired 385 | . 37 94 78 62 52 62 Missed 93 | . 15 23 20 13 9 13 Hits 292 | . 22 71 58 49 43 49 Melee 11 | . . . . . 1 10 Projectile 281 | . 22 71 58 49 42 39 Critical Strikes 9 | . . 1 1 1 . 6 Part Disruptions 1 | . . . 1 . . . Damage Taken 3970 | . 234 721 579 693 778 965 Core 529 | . 56 129 47 69 70 158 Absorbed by Shields . | . . . . . . . Ignored by Resistances 191 | . . . 121 70 . . Core Remaining (%) 83 | 100 77 67 91 . . . Volleys Fired 216 | . 33 61 51 24 29 18 Largest 2 | . 2 2 2 2 1 2 Hottest 136 | . 136 136 136 128 60 50 Shots Fired 381 | . 66 122 90 41 29 33 Gun 33 | . . . . . . 33 Cannon 332 | . 66 122 88 40 16 . Launcher 16 | . . . 2 1 13 . Special . | . . . . . . . Kinetic 33 | . . . . . . 33 Thermal 332 | . 66 122 88 40 16 . Explosive . | . . . . . . . Electromagnetic 16 | . . . 2 1 13 . Robot Hit Streak 13 | . 10 11 9 13 5 10 Robot Miss Streak 6 | . 2 6 5 2 3 3 Penetration Max . | . . . . . . . Secondary Targets 1 | . . . . . . 1 Max Gunslinging Chain 1 | . . . . . . 1 Shots Hit Robots 251 | . 41 75 53 30 32 20 Core Hits 127 | . 17 36 30 16 19 9 Critical Kills 3 | . 2 . 1 . . . Critical Parts Destroyed 1 | . . . . . 1 . Critical Strikes 4 | . 2 . 1 . 1 . Meltdown 3 | . 2 . 1 . . . Smash 1 | . . . . . 1 . Melee Attacks 26 | . . . . 7 19 . Impact 10 | . . . . 7 3 . Slashing 16 | . . . . . 16 . Piercing . | . . . . . . . Sneak Attacks 2 | . . . . 1 1 . Combat Hostiles . | . . . . . . . Follow-up Attacks . | . . . . . . . Damage Inflicted 7418 | . 845 1672 1338 1269 1911 383 Guns 383 | . . . . . . 383 Cannons 4574 | . 845 1655 1224 639 211 . Explosions 1042 | . . . 110 514 418 . Melee 1398 | . . . . 116 1282 . Ramming 21 | . . 17 4 . . . Kinetic 383 | . . . . . . 383 Thermal 5022 | . 845 1655 1247 1064 211 . Explosive . | . . . . . . . Electromagnetic 594 | . . . 87 89 418 . Impact 203 | . . . . 116 87 . Slashing 1195 | . . . . . 1195 . Piercing . | . . . . . . . Highest Corruption 1 | . 1 . . . . . Average Corruption 1 | . 1 . . . . . Corruption Purged . | . . . . . . . Corruption Blocked . | . . . . . . . Effects 3 | . 3 . . . . . Message Errors 1 | . 1 . . . . . Matter Fused 1 | . 1 . . . . . Heat Flow Errors 1 | . 1 . . . . . Overload Shots . | . . . . . . . Overflow Damage 713 | . . 14 29 62 608 . Projectiles 41 | . . 14 27 . . . Explosions 35 | . . . 2 6 27 . Melee 637 | . . . . 56 581 . Knockbacks . | . . . . . . . Impact . | . . . . . . . Kinetic . | . . . . . . . Secondary . | . . . . . . . Self-Inflicted Damage 164 | . . . 32 4 128 . Shots 11 | . . . 2 1 8 . Rammed 2 | . . 2 . . . . Targets Rammed 4 | . . 3 1 . . . Kicked 1 | . . 1 . . . . Crushed 1 | . . . 1 . . . Highest Temperature 273 | . 216 273 117 87 20 114 Average Temperature 62 | . 77 77 29 43 12 28 Received Heat Transfer 1137 | . 108 111 189 369 81 279 Siege Activations . | . . . . . . . Martial Activations . | . . . . . . . Shielding Activations . | . . . . . . . Robots Disrupted . | . . . . . . . Combat Hostiles . | . . . . . . . Robots Corrupted 2 | . . . . . 2 . Combat Hostiles 2 | . . . . . 2 . Parts Fried 9 | . . . 2 . 7 . Impact Corruptions 4 | . . . . 1 3 . Robots Melted 3 | . 2 . 1 . . . Combat Hostiles 2 | . 1 . 1 . . . Parts Melted 28 | . 12 6 6 3 1 . Heat Transferred 8329 | . 1517 2997 2159 1323 333 . Parts Sabotaged . | . . . . . . . Parts Stolen . | . . . . . . . Parts Stripped . | . . . . . . . Power Chain Reactions 1 | . . . 1 . . . Alert | -11 -10 -9 -8 -7 -7 -7 ------- Run | Yrd Mat Mat Mat Fac Low Low Maximum Alert Level 1 | . . 1 1 1 . . Low Security (%) 86 | . 100 57 96 87 . . Level 1 13 | . . 42 3 12 . . Level 2 . | . . . . . . . Level 3 . | . . . . . . . Level 4 . | . . . . . . . Level 5 . | . . . . . . . High Security . | . . . . . . . Max Security . | . . . . . . . Peak Influence 367 | . 174 367 214 232 . . Initial 144 | . . 52 144 24 . . Average 98 | . 80 187 67 67 . . Influence Increases 2484 | . 434 770 613 347 250 70 Destroy 0b10 Robot/C 1560 | . 260 480 380 160 220 60 Destroy 0b10 Robot/NC 130 | . 25 60 40 5 . . Destroy Leader 360 | . 56 124 108 32 30 10 Successful Hack 47 | . . 29 18 . . . Select Force Hacks 180 | . 30 30 60 60 . . Disable Machine 120 | . 15 45 . 60 . . Destroy Structure 42 | . 3 2 7 30 . . Lose Combat Pursuer 45 | . 45 . . . . . Influence Decreases 2484 | . 309 552 902 267 384 70 Entered New Map 353 | . . 73 199 30 51 . Time Decay 1789 | . 309 404 536 197 273 70 Lost Part 117 | . . . 17 40 60 . Purge Threat 225 | . . 75 150 . . . Squads Dispatched 14 | . 3 1 2 8 . . Investigation 8 | . 2 1 2 3 . . Extermination 1 | . . . . 1 . . Reinforcement 2 | . 1 . . 1 . . Assault . | . . . . . . . Garrison 3 | . . . . 3 . . Intercept . | . . . . . . . Searches Triggered . | . . . . . . . Construction Impeded . | . . . . . . . Haulers Reinforced . | . . . . . . . Active Scanning Responses . | . . . . . . . Cargo Convoy Interrupts . | . . . . . . . Stealth | -11 -10 -9 -8 -7 -7 -7 --------- Run | Yrd Mat Mat Mat Fac Low Low Distress Signals 7 | . 3 2 2 . . . Communications Jammed . | . . . . . . . Distress Signals . | . . . . . . . Times Spotted 110 | . 17 38 26 11 11 7 Peak Tracking Total 7 | . 7 6 4 4 4 4 Tactical Retreats 2 | . 2 . . . . . Traps | -11 -10 -9 -8 -7 -7 -7 ------- Run | Yrd Mat Mat Mat Fac Low Low Traps Triggered 3 | . 2 . 1 . . . Indirectly . | . . . . . . . Trap Hack Attempts . | . . . . . . . Triggered . | . . . . . . . Disarmed . | . . . . . . . Reprogrammed . | . . . . . . . Reused . | . . . . . . . Traps Extracted . | . . . . . . . Installed . | . . . . . . . Triggered . | . . . . . . . Machines | -11 -10 -9 -8 -7 -7 -7 ---------- Run | Yrd Mat Mat Mat Fac Low Low Machines Disabled 8 | . 1 3 . 4 . . Max in Single Turn 4 | . 1 1 . 4 . . Machines Repaired . | . . . . . . . Machines Dismantled . | . . . . . . . Machines Sabotaged . | . . . . . . . Overloaded Fab Kills . | . . . . . . . Hacking | -11 -10 -9 -8 -7 -7 -7 --------- Run | Yrd Mat Mat Mat Fac Low Low Machines Accessed 28 | . 3 11 10 3 1 . Terminals 19 | . 2 9 7 1 . . Fabricators . | . . . . . . . Repair Stations . | . . . . . . . Recycling Units 7 | . 1 2 2 2 . . Scanalyzers 1 | . . . 1 . . . Garrison Access . | . . . . . . . Total Hacks 74 | . 4 33 32 4 1 . Successful 34 | . 2 14 15 2 1 . Failed 40 | . 2 19 17 2 . . Catastrophic 8 | . . 4 3 1 . . Database Lockouts . | . . . . . . . Manual 50 | . 1 24 23 2 . . Terminals 60 | . 3 29 26 2 . . Fabricators . | . . . . . . . Repair Stations . | . . . . . . . Recycling Units 12 | . 1 4 5 2 . . Scanalyzers 1 | . . . 1 . . . Garrison Access . | . . . . . . . Terminal Hacks 10 | . 1 5 3 . 1 . Prototype ID Bank 2 | . 1 . 1 . . . Open Door 1 | . . . . . 1 . Level Access Points 1 | . . 1 . . . . Branch Access Points 1 | . . 1 . . . . Terminal Index 1 | . . 1 . . . . Unreport Threat 2 | . . 1 1 . . . Locate Traps 1 | . . . 1 . . . Recall Investigation 1 | . . 1 . . . . Fabricator Hacks . | . . . . . . . Repair Station Hacks . | . . . . . . . Recycling Unit Hacks 2 | . . 1 1 . . . Report Inventory 2 | . . 1 1 . . . Scanalyzer 1 | . . . 1 . . . Insert Component 1 | . . . 1 . . . Garrison Access Hacks . | . . . . . . . Unauthorized Hacks 21 | . 1 8 10 2 . . Terminals 15 | . . 7 8 . . . Assimilate 1 | . . . 1 . . . Botnet 4 | . . 2 2 . . . Skim 10 | . . 5 5 . . . Fabricators . | . . . . . . . Repair Stations . | . . . . . . . Recycling Units 6 | . 1 1 2 2 . . Tunnel 6 | . 1 1 2 2 . . Scanalyzers . | . . . . . . . Garrison Access . | . . . . . . . Data Cores Recovered 2 | . . 2 . . . . Used . | . . . . . . . Hacking Detections 19 | . 1 9 8 1 . . Full Trace Events 1 | . . . . 1 . . Feedback Events . | . . . . . . . Feedback Blocked . | . . . . . . . Robot Schematics Acquired . | . . . . . . . Robots Built . | . . . . . . . Authchips . | . . . . . . . Time . | . . . . . . . Total Robot Build Rating . | . . . . . . . Part Schematics Acquired . | . . . . . . . Parts Built . | . . . . . . . Authchips . | . . . . . . . Time . | . . . . . . . Total Part Build Rating . | . . . . . . . Parts Repaired . | . . . . . . . Time . | . . . . . . . Parts Recycled . | . . . . . . . Recycled Matter . | . . . . . . . Retrieved Matter . | . . . . . . . Retrieved Components . | . . . . . . . Parts Scanalyzed . | . . . . . . . Part Schematics Acquired . | . . . . . . . Parts Damaged . | . . . . . . . Bothacking | -11 -10 -9 -8 -7 -7 -7 ------------ Run | Yrd Mat Mat Mat Fac Low Low Used RIF Installer . | . . . . . . . Robots Hacked . | . . . . . . . Non-combat . | . . . . . . . Combat . | . . . . . . . Robot Hacks Applied . | . . . . . . . Relay Couplers Released . | . . . . . . . Fabnet Peak Effective % . | . . . . . . . Robots Rewired . | . . . . . . . Allies Hacked . | . . . . . . . Hacks Repelled . | . . . . . . . Allies | -11 -10 -9 -8 -7 -7 -7 -------- Run | Yrd Mat Mat Mat Fac Low Low Total Allies . | . . . . . . . Largest Group . | . . . . . . . Highest-Rated Group . | . . . . . . . Highest-Rated Ally . | . . . . . . . Total Orders . | . . . . . . . Ally Attacks . | . . . . . . . Total Damage . | . . . . . . . Kills . | . . . . . . . Allies Corrupted . | . . . . . . . Allies Melted . | . . . . . . . Intel | -11 -10 -9 -8 -7 -7 -7 ------- Run | Yrd Mat Mat Mat Fac Low Low Active Infowar (turns) 3334 | . . . 698 700 1406 530 Sensors 144 | . . . . . 144 . Structural 2635 | . . . . 699 1406 530 Jamming 1051 | . . . 698 325 28 . Robot Analysis Total . | . . . . . . . Derelict Logs Recovered 2 | . . . . . . 2 Drone Launches . | . . . . . . . Drone Recoveries . | . . . . . . . Exploration | -11 -10 -9 -8 -7 -7 -7 ------------- Run | Yrd Mat Mat Mat Fac Low Low Turns Passed 6214 | . 839 1024 1715 700 1406 530 Spaces Moved 2583 | 1 390 532 662 256 501 241 Core . | . . . . . . . Treads 1775 | . . 325 662 256 501 31 Legs 808 | 1 390 207 . . . 210 Wheels . | . . . . . . . Hover . | . . . . . . . Flight . | . . . . . . . Fastest Speed 120 | 120 120 120 145 228 240 120 Average Speed 185 | 120 174 136 162 231 251 193 Slowest Speed 320 | 120 190 225 228 240 320 240 Overloaded Moves . | . . . . . . . Propulsion Burnouts . | . . . . . . . Robots Hopped . | . . . . . . . Potential Cave-ins . | . . . . . . . Cave-ins Triggered . | . . . . . . . Exploration Rate (%) 42 | 2 74 55 61 8 57 38 Regions Visited 6 Branch Regions 2 Pre-discovered Areas 10 | . 1 3 3 2 . 1 Known Exits Taken 2 | . . 1 1 . . . Unknown Exits Taken 4 | 1 1 . . 1 1 . Scrap Searched 4 | . . . . . 3 1 Spaces Dug 6 | . . . 2 4 . . Terrain Destroyed 36 | . . . 4 32 . . Melee 4 | . . . . 4 . . Projectile 2 | . . . 2 . . . AOE 30 | . . . 2 28 . . Terrain Rammed . | . . . . . . . Walls Destroyed . | . . . . . . . Machines Disabled . | . . . . . . . Actions | -11 -10 -9 -8 -7 -7 -7 --------- Run | Yrd Mat Mat Mat Fac Low Low Total 3595 | . 489 715 1222 308 585 276 Wait 578 | . 26 82 458 6 5 1 Move 2577 | . 389 531 661 255 500 241 Hop . | . . . . . . . Pick Up 68 | . 14 12 24 5 9 4 Fast Attach 13 | . 4 4 . . 3 2 Attach 20 | . . 2 4 5 8 1 Detach 1 | . . . . . 1 . Swap 33 | . 6 5 9 5 6 2 Drop 59 | . 17 15 14 1 5 7 Fire 216 | . 33 61 51 24 29 18 Melee 26 | . . . . 7 19 . Ram . | . . . . . . . Kick 1 | . . 1 . . . . Crush 3 | . . 2 1 . . . Escape Stasis . | . . . . . . . Rewire . | . . . . . . . Trap . | . . . . . . . Miscellaneous . | . . . . . . . Route ------- -11/Scrapyard -10/Materials (discovered 4 exits: *Mat x3 / [*Min]) -9/Materials (discovered 5 exits: *Mat x3 / Min x2) -8/Materials (discovered 5 exits: *Fac x3 / *Sto x2) -7/Factory -7/Lower Caves -7/Lower Caves (discovered 1 exit: [*Fac]) History --------- Turn | Location | Event 1 | -11/Scrapyard | Discovered new exit (range 0) 1 | -11/Scrapyard | Entered Materials 286 | -10/Materials | Discovered new exit (range 4) 313 | -10/Materials | Build established: Mutant 440 | -10/Materials | Discovered new exit (range 8) 631 | -10/Materials | Discovered new exit (range 12) 796 | -10/Materials | Discovered new exit (range 16) 840 | -10/Materials | Entered another Materials area 840 | -9/Materials | Evolved 2 slots: Propulsion x2 1103 | -9/Materials | Identified exit to Mines 1138 | -9/Materials | Build established: Scavenger-Mutant 1286 | -9/Materials | Identified exit to Materials 1392 | -9/Materials | Learned location of 2 exits from Materials 1447 | -9/Materials | Learned location of 2 exits from Materials 1465 | -9/Materials | Build established: Mutant 1558 | -9/Materials | Learned location of 1 exit from Recycling 1631 | -9/Materials | Learned Storage interactive machine intel 1864 | -9/Materials | Entered another Materials area 1864 | -8/Materials | Evolved 2 slots: Utility x2 1865 | -8/Materials | Identified exit to Storage 1866 | -8/Materials | Identified exit to Factory 2849 | -8/Materials | Learned Storage security intel 2922 | -8/Materials | Learned Factory emergency access door positions 3037 | -8/Materials | Learned 4 Recycling zone layouts 3078 | -8/Materials | Learned Storage trap positions 3149 | -8/Materials | Learned 4 Recycling zone layouts 3198 | -8/Materials | Learned location of Zion (-7) 3256 | -8/Materials | Learned Factory trap positions 3579 | -8/Materials | Entered Factory 3579 | -7/Factory | Evolved 2 slots: Utility x2 3580 | -7/Factory | Loaded intel: 102 trap records 3884 | -7/Factory | Build established: Infiltrator-Mutant 4033 | -7/Factory | Garrison activated, responded to threat 4232 | -7/Factory | Discovered new exit (range 13) 4279 | -7/Factory | Entered Lower Caves 4438 | -7/Lower Caves | Spotted B-75 Beast 4537 | -7/Lower Caves | Lost 3 parts (2n1u) 4577 | -7/Lower Caves | Destroyed 7 combat bots 4586 | -7/Lower Caves | Lost 3 parts (1p1u1w) 5479 | -7/Lower Caves | Discovered new exit (range 4) 5685 | -7/Lower Caves | Entered another Lower Caves area 5686 | -7/Lower Caves | Encountered a Warlord checkpoint 5739 | -7/Lower Caves | Entered a destroyed Warlord outpost 5822 | -7/Lower Caves | Discovered new exit (range 10) 6118 | -7/Lower Caves | Learned 4 Factory zone layouts 6215 | -7/Lower Caves | Self-destructed Last Messages --------------- 05996_ 6P-9ST(k) breaks down the debris. 06014_ Acquired 52 matter. 06118_ Acquired derelict log, extracted data. Data stored: Factory zone layouts (x4). 06124_ Searching scrap... 06124_ Found Mak. Spear. 06124_ Found Imp. Power Shielding. 06124_ Found Gatling Laser. 06124_ Found 59 Matter. 06125_ Acquired 5 matter. 06197_ Aluminum Leg destroyed. 06203_ Critical hit (Burn: +37). 06206_ Med. Armor Plating destroyed. 06208_ Battle Rifle destroyed. 06209_ Flexi-carbon Leg destroyed. 06210_ Critical hit (Burn: +37). 06212_ Kinecellerator destroyed. 06213_ Battle Rifle destroyed. 06214_ Critical hit (Burn: +37). 06214_ Hvy. Ion Engine destroyed. Map ----- +----------------------------------------------------+ | | | | | | | | | | | | | ?????????????????????????????????????????????????? | | ?????????????????????????????????????????????????? | | ?????????????????????????????????????????????????? | | ?????????????????????????????????????????????????? | | ?????????????????????????????????????????????????? | | ?????????????????????????????????????????????????? | | ?????????????????????????????????????????????????? | | ?????????????????????????????????????????????????? | | ?????????????????????????????????????????????????? | | ?????????????????????????????????????????????????? | | ?????????????????????????????????????????????????? | | ?????????????????????????????????????????????????? | | ?????????????????????????????????????????????????? | | ?????????????????????????????????????????????????? | | ????????????????????????????????????????######???? | | ??????????????????????????????????#####?########## | | ??????????????#############???????######## ###### | | ??????????????###############????### #### ## # | | ??????????????## # g######?#### #### | | ??????????????## l@ ######## ### ## | | ??????????????## ## gg ##### ### ## | | ??????????????## ##### ### ## # | | ?????????????? ######## ## %[ | | ????????????? # ##?###### !/ # | | ?????????? #????######## " " # | | ??????????### ## ??????####### """ "" # | | ??????????####### ??????????## """" "" | | ???????????###### ??????????## "" " | | ???????????????# ??????????## | | ???????????????# ??????????## ## # | | ???????????????## ?????????## ## #### ## | | ???????????????### ?????????## ## ###### ### # | | ????????????????## ????????? # ############## # | | ?????????????????? ????????? ###??####### # | | ?????????????????? ?????????? ?????????### # | | ?????????????????? ????????# ???????##### # # | | ????????????????????????????## ???????#### # | | ????????????????????????????## ???????## ## | | ????????????????????????????## ???????## ### | | ????????????????????????????## ????????## # ### | | ????????????????????????????????????????### # ## | | ????????????????????????????????????????#### # | | ?????????????????????????????????????????### | | ??????????????????????????????????????????### | +----------------------------------------------------+ Best States ------------- Heat Dissipation 61 Energy Generation 14 Energy Capacity 280 Matter Stores 300 Matter Capacity 300 Sight Range 16 Robot Scan Range 15 Terrain Scan Density 10 Jamming Range 12 Armor Coverage 375 Resistance: KI 20 Resistance: TH 10 Evasion (%) 55 Melee Accuracy 6 Recoil Reduction 4 Kinecelleration 30 Salvage Targeting 2 Item Schematics ----------------- None Robot Schematics ------------------ None Fabricated ------------ Nothing Repaired ---------- Nothing Alien Tech Used ----------------- None Achievements -------------- None Challenges ------------ None Game ------ Seed ExpertPhaseRipper Manual? 0 Play Time 00:54:25 Cumulative 220.3 hours Start 2025.06.01 @ 10:36:37 End 2025.06.01 @ 17:17:25 Sessions 3 Manual Loads 0 Difficulty Rogue Special Mode None Game No. 127 Rogue 127 Adventurer 0 Explorer 0 Win Type - Total 9 Types 9/0/0/0/0/0/0/0/0/0 Lore% 67 Gallery% 65 Achievement% 60 Wizard Run 0 Options --------- Layout 1 ASCII 0 Keyboard 0 Movement Numpad Keybinds 0 Fullscreen 1 Font 24/Smallcaps Map View 50x35 Zoom Use 0% Tactical HUD 1 Map Filters NONE Filters NONE Steam 1 RUN: f818056a-cdef-466e-8bce-45e6f1b8641e